[Event "Late Titled Tuesday Blitz February 8 2022"]
[White "Gaisinsky, Adam"]
[Black "Pourkashiyan, Atousa"]
[WhiteFideId "2620561"]
[BlackFideId "12502014"]
[WhiteElo "1965"]
[BlackElo "2247"]
[Result "0-1"]
[Round "03"]
[TimeControl "180+1"]
[Date "2022.02.09"]
[WhiteClock "0:00:08"]
[BlackClock "0:00:17"]

1. d4 Nf6 2. Nf3 e6 3. Bf4 b6 4. Nbd2 Bb7 5. e3 d6 6. Bd3 Nbd7 7. h3 Be7 8. O-O h6 9. e4 O-O 10. Re1 Re8 11. e5 dxe5 12. Nxe5 Nxe5 13. dxe5 Nd5 14. Bg3 Nb4 15. Bb5 Qd5 16. Bf1 Red8 17. Bf4 Bg5 18. Bxg5 hxg5 19. Nb3 Qxd1 20. Rexd1 Nxc2 21. Rxd8+ Rxd8 22. Rc1 Nb4 23. Rxc7 Bd5 24. Rxa7 Rc8 25. Kh2 Rc2 26. Kg3 Rxb2 27. Nd4 Nxa2 28. Nb5 Nb4 29. Nd6 Nc6 30. Ra8+ Kh7 31. Nxf7 Rb3+ 32. f3 Kg6 33. Nh8+ Kf5 34. Nf7 Nxe5 35. Rf8 Nxf7 36. Rxf7+ Kg6 37. Rf8 b5 38. Rb8 b4 39. Kg4 Rb2 40. Bd3+ Kf6 41. g3 b3 42. h4 gxh4 43. Kxh4 Rd2 44. Be4 Bxe4 45. fxe4 Ke5 46. Rxb3 Kxe4 47. Kg4 Rd7 48. Rb6 e5 49. Re6 Rf7 50. Kg5 Kd4 51. g4 e4 52. Kg6 Rf4 53. g5 e3 54. Kxg7 Re4 55. Rxe4+ Kxe4 56. Kf7 e2 57. g6 e1=Q 58. g7 Qf2+ 59. Ke7 Qa7+ 60. Kf6 Qb6+ 61. Kf7 Qc7+ 62. Kf8 Qd8+ 63. Kf7 Qd7+ 64. Kf8 Qf5+ 65. Ke8 Qg6+ 66. Kf8 Qf6+ 67. Kg8 Kf5 68. Kh8 Qh6+ 69. Kg8 Kf6 70. Kf8 Qxg7+ 71. Ke8 Qe7# 0-1


[Site "https://www.chess.com"]

[Event "Late Titled Tuesday Blitz February 8 2022"]
[White "Garriga Cazorla, Pere"]
[Black "Erigaisi Arjun"]
[WhiteFideId "32011601"]
[BlackFideId "35009192"]
[WhiteElo "2458"]
[BlackElo "2745"]
[Result "0-1"]
[Round "03"]
[TimeControl "180+1"]
[Date "2022.02.08"]
[WhiteClock "0:00:30"]
[BlackClock "0:01:38"]

1. d4 e6 2. c4 c5 3. d5 exd5 4. cxd5 d6 5. Nc3 g6 6. e4 Bg7 7. Bd3 Ne7 8. h4 O-O 9. h5 f5 10. hxg6 hxg6 11. Bg5 Nd7 12. Nge2 Ne5 13. Nf4 Bf6 14. Bxf6 Rxf6 15. Qd2 Qf8 16. Nh3 f4 17. Ng5 Bg4 18. Be2 f3 19. gxf3 Bxf3 20. Nxf3 Rxf3 21. O-O-O Rxf2 22. Rh4 Nf3 23. Rdh1 Nxd2 24. Rh8+ Kg7 25. R1h7+ Kf6 26. e5+ dxe5 27. Rxf8+ Rxf8 28. Kxd2 Rf4 29. Ke3 Nf5+ 30. Kd2 Rf7 31. Rh8 Rd4+ 32. Kc2 Ne3+ 33. Kb3 Rb4+ 0-1


[Site "https://www.chess.com"]

[Event "Late Titled Tuesday Blitz February 8 2022"]
[White "Gatterer, Florian"]
[Black "Kozin, Yuri"]
[WhiteFideId "811688"]
[BlackFideId "4129920"]
[WhiteElo "2218"]
[BlackElo "2502"]
[Result "1-0"]
[Round "03"]
[TimeControl "180+1"]
[Date "2022.02.09"]
[WhiteClock "0:01:19"]
[BlackClock "0:01:46"]

1. d4 d5 2. Bf4 Nf6 3. e3 e6 4. Nd2 Bd6 5. Ngf3 Bxf4 6. exf4 O-O 7. c3 b6 8. h4 c5 9. h5 Qc7 10. h6 g6 11. g3 a5 12. a4 Nc6 13. Nb3 Ne4 14. Bd3 Ba6 15. Bxa6 Rxa6 16. O-O cxd4 17. Nbxd4 Nxd4 18. Nxd4 Qe7 19. Qe2 Raa8 20. Kg2 e5 21. Nc6 Qf6 22. Nxe5 Rfe8 23. Qd3 Rad8 24. Rad1 Nc5 25. Qd4 Qxe5 1-0


[Site "https://www.chess.com"]

[Event "Late Titled Tuesday Blitz February 8 2022"]
[White "Glavina, Pablo"]
[Black "Wieczorek, Oskar"]
[WhiteFideId "100234"]
[BlackFideId "1133950"]
[WhiteElo "2479"]
[BlackElo "2685"]
[Result "0-1"]
[Round "03"]
[TimeControl "180+1"]
[Date "2022.02.09"]
[WhiteClock "0:00:46"]
[BlackClock "0:00:33"]

1. e4 c5 2. Nf3 d6 3. d4 cxd4 4. Nxd4 Nf6 5. Nc3 Nc6 6. Bc4 Bd7 7. O-O g6 8. f4 Bg7 9. f5 O-O 10. Kh1 Nxd4 11. Qxd4 Bc6 12. Qd3 Ng4 13. Bf4 Qb6 14. Bg3 Ne5 15. Bxe5 Bxe5 16. Bb3 Kg7 17. Rab1 Qc5 18. Nd5 Bxd5 19. Bxd5 Rac8 20. c3 b5 21. a3 a5 22. Rf3 b4 23. axb4 axb4 24. c4 Qd4 25. Qe2 Bf6 26. b3 Rc7 27. Rbf1 Ra7 28. g4 Ra1 29. Rxa1 Qxa1+ 30. Kg2 Bd4 31. Kh3 Qc1 32. Kg2 Qg1+ 33. Kh3 h5 34. Rg3 hxg4+ 35. Kxg4 Qc1 36. Kf3 e6 37. Bc6 Rh8 38. h3 Rh4 39. fxg6 Rf4+ 40. Kg2 Qg1# 0-1


[Site "https://www.chess.com"]

[Event "Late Titled Tuesday Blitz February 8 2022"]
[White "Gledura, Benjamin"]
[Black "Sadhwani, Raunak"]
[WhiteFideId "712779"]
[BlackFideId "35093487"]
[WhiteElo "2326"]
[BlackElo "2616"]
[Result "0-1"]
[Round "03"]
[TimeControl "180+1"]
[Date "2022.02.08"]
[WhiteClock "0:00:02"]
[BlackClock "0:01:01"]

1. d4 Nf6 2. Nf3 g6 3. g3 Bg7 4. Bg2 O-O 5. O-O d6 6. c4 Nbd7 7. Nc3 e5 8. e4 Re8 9. h3 exd4 10. Nxd4 Nc5 11. Re1 a5 12. Rb1 Bd7 13. Bf4 Ne6 14. Be3 Qc8 15. Kh2 Nc5 16. f3 h5 17. b3 Ne6 18. Qd2 Kh7 19. Rbd1 Nc5 20. Ndb5 b6 21. Bd4 Ne6 22. Be3 Nc5 23. h4 a4 24. b4 Ne6 25. a3 Qb7 26. Nd5 Nxd5 27. exd5 Bxb5 28. cxb5 Nf8 29. Qc2 Nd7 30. Rc1 Rac8 31. Bh3 Ne5 32. Kg2 Qxd5 33. Qe2 f5 34. Rcd1 Qb3 35. g4 Nc4 36. Rd3 Qb2 37. Qxb2 Nxb2 38. Rd2 Nc4 39. Rde2 Bc3 0-1


[Site "https://www.chess.com"]

[Event "Late Titled Tuesday Blitz February 8 2022"]
[White "Golubka, Petro"]
[Black "Pichot, Alan"]
[WhiteFideId "14114224"]
[BlackFideId "110973"]
[WhiteElo "2392"]
[BlackElo "2543"]
[Result "0-1"]
[Round "03"]
[TimeControl "180+1"]
[Date "2022.02.08"]
[WhiteClock "0:00:23"]
[BlackClock "0:00:05"]

1. d4 Nf6 2. Bg5 d5 3. Nd2 Bf5 4. c3 c6 5. Qb3 Qb6 6. Bxf6 gxf6 7. e3 e6 8. Ngf3 Nd7 9. Nh4 Bg6 10. f4 f5 11. g3 Bd6 12. Be2 O-O 13. Kf2 Rfe8 14. Rhd1 Nf6 15. c4 Qxb3 16. Nxb3 a5 17. c5 Bc7 18. Nc1 b6 19. cxb6 Bxb6 20. Nd3 Ne4+ 21. Kg2 c5 22. dxc5 Nxc5 23. Nxc5 Bxc5 24. Kf2 Reb8 25. Rac1 Be7 26. b3 a4 27. bxa4 Rxa4 28. Rc2 Rba8 29. Rdd2 R4a5 30. Bf3 Bc5 31. Ng2 Kg7 32. Ne1 Kf6 33. Nd3 Bd6 34. h4 h6 35. h5 Bh7 36. Rb2 Ra3 37. Be2 R8a4 38. Rdc2 Ra8 39. Rc6 R3a6 40. Rxa6 Rxa6 41. Ne5 Ra7 42. Nc6 Ra3 43. Nd4 Bc5 44. Rc2 Bb6 45. Nb3 Bg8 46. Bb5 Ke7 47. Kf3 f6 48. Rc6 Bd8 49. Ra6 Rxa6 50. Bxa6 Bf7 51. Bb5 Bxh5+ 52. Kf2 Bd1 53. Nd4 Bb6 54. a4 Kd6 55. Ke1 Bh5 56. Kd2 Bg4 57. Be2 e5 58. Nb5+ Kc5 59. Bd3 Kb4 60. Bc2 d4 61. exd4 exd4 62. Kd3 Bf3 63. Kd2 Be4 64. Nd6 Bc6 65. Nxf5 Ba5 66. Nxh6 Kc4+ 67. Ke2 Kc3 68. Bd3 Bxa4 69. Nf5 Bb6 70. g4 Bc2 71. Bxc2 Kxc2 72. Nxd4+ Bxd4 73. f5 Bc3 74. Kf3 Bd2 75. Ke4 Bg5 76. Kd5 Kd3 77. Ke6 Ke4 0-1


[Site "https://www.chess.com"]

[Event "Late Titled Tuesday Blitz February 8 2022"]
[White "Goryachkina, Aleksandra"]
[Black "Przybylski, Wojciech"]
[WhiteFideId "4147103"]
[BlackFideId "1117599"]
[WhiteElo "2649"]
[BlackElo "2455"]
[Result "1-0"]
[Round "03"]
[TimeControl "180+1"]
[Date "2022.02.09"]
[WhiteClock "0:00:04"]
[BlackClock "0:00:07"]

1. e4 e5 2. Nf3 Nc6 3. d4 exd4 4. Nxd4 Nf6 5. Nxc6 bxc6 6. e5 Qe7 7. Qe2 Nd5 8. g3 h5 9. h4 Bb7 10. Bg2 d6 11. c4 Nb6 12. O-O Qxe5 13. Qc2 O-O-O 14. Bf4 Qd4 15. Nd2 Kb8 16. b4 d5 17. Be3 Qg4 18. c5 Nc4 19. Nxc4 Qxc4 20. Qxc4 dxc4 21. Rfc1 Be7 22. Rxc4 Bf6 23. Re1 Rhe8 24. a4 Ba6 25. Rcc1 Re6 26. Red1 Bd3 27. Rd2 Be4 28. Bf1 Bd5 29. Rcd1 Rde8 30. b5 Bc3 31. Rd3 Be5 32. bxc6 Bxc6 33. a5 Bf6 34. a6 Ka8 35. Rb3 Rb8 36. Rdb1 Ree8 37. Bc4 Rxb3 38. Rxb3 Rb8 39. Rxb8+ Kxb8 40. Bxf7 Bb5 41. Bxh5 Bxa6 42. Bf7 Bd3 43. h5 a5 44. g4 a4 45. g5 Bb2 46. g6 Bb1 47. h6 gxh6 48. Bxh6 a3 49. g7 Bxg7 50. Bxg7 a2 51. Bd4 Kc8 52. f4 Kd7 53. Bd5 c6 54. Bc4 Ke7 55. Kf2 Kd7 56. Kg3 Ke7 57. Kg4 Kd7 58. Kg5 Ke7 59. f5 Kf8 60. f6 Bd3 61. Bxd3 Ke8 62. Ba1 Kf8 63. Kg6 Kg8 64. f7+ Kf8 65. Bg7+ Ke7 66. f8=Q+ Ke6 67. Qd6# 1-0


[Site "https://www.chess.com"]

[Event "Late Titled Tuesday Blitz February 8 2022"]
[White "Gracia Alvarez, Gerardo Antonio"]
[Black "Lopez Del Alamo, Antonio"]
[WhiteFideId "5109124"]
[BlackFideId "2227339"]
[WhiteElo "2139"]
[BlackElo "2082"]
[Result "1-0"]
[Round "03"]
[TimeControl "180+1"]
[Date "2022.02.09"]
[WhiteClock "0:01:35"]
[BlackClock "0:00:57"]

1. c4 Nf6 2. Nf3 g6 3. Nc3 Bg7 4. e4 d6 5. d4 O-O 6. Be2 e5 7. O-O Nc6 8. d5 Ne7 9. Ne1 Nd7 10. Be3 f5 11. f3 f4 12. Bf2 g5 13. Nd3 Ng6 14. Rc1 Rf7 15. c5 Bf8 16. cxd6 cxd6 17. Nb5 Nb6 18. Qb3 a6 19. Nc7 g4 20. fxg4 Qg5 21. Nxa8 Nxa8 22. Rxc8 1-0


[Site "https://www.chess.com"]

[Event "Late Titled Tuesday Blitz February 8 2022"]
[White "Grigorov, Grigor"]
[Black "Wachinger, Guenther"]
[WhiteFideId "2907313"]
[BlackFideId "4604261"]
[WhiteElo "2796"]
[BlackElo "2486"]
[Result "0-1"]
[Round "03"]
[TimeControl "180+1"]
[Date "2022.02.09"]
[WhiteClock "0:00:02"]
[BlackClock "0:00:02"]

1. Nf3 d5 2. g3 e6 3. Bg2 Nf6 4. O-O Be7 5. c4 dxc4 6. Qa4+ Bd7 7. Qxc4 c5 8. Ne5 Nc6 9. Nxd7 Qxd7 10. Nc3 O-O 11. d3 a6 12. Qb3 b5 13. Be3 Rac8 14. Rfc1 Nd4 15. Qd1 Rfd8 16. h3 h6 17. a4 b4 18. Nb1 Nd5 19. Bxd4 cxd4 20. Nd2 Nb6 21. a5 Nd5 22. Qb3 Rxc1+ 23. Rxc1 Qb5 24. Nc4 f6 25. Nb6 Qxa5 26. Rc6 Kf7 27. f4 Qb5 28. Nxd5 Qxc6 29. Nxe7 Qc1+ 30. Kh2 Kxe7 31. Qxb4+ Rd6 32. Qb7+ Rd7 33. Qxa6 Qxb2 34. Bf3 g5 35. fxg5 hxg5 36. Qc8 f5 37. Qg8 Qd2 38. Qg7+ Kd8 39. Qf8+ Kc7 40. Qc5+ Kd8 41. Qf8+ Kc7 42. Qf6 Qe3 43. Qf8 Qe5 44. Qg8 f4 45. g4 Qf6 46. Qa8 Kd6 47. Qc6+ Ke7 48. Qc5+ Kf7 49. Qc8 Qe7 50. Qh8 Qf6 51. Qh7+ Qg7 52. Qe4 Ra7 53. Qc6 Qf6 54. Kg2 Qe7 55. Qb6 Rc7 56. Qxd4 Rc1 57. Qh8 Qc5 58. d4 Qc3 59. Qh5+ Kf8 60. Qh6+ Kf7 61. Qxg5 Qe3 0-1


[Site "https://www.chess.com"]

[Event "Late Titled Tuesday Blitz February 8 2022"]
[White "Gubajdullin, Alexei"]
[Black "Peatman, Carter"]
[WhiteFideId "4141202"]
[BlackFideId "2096480"]
[WhiteElo "2268"]
[BlackElo "2426"]
[Result "1-0"]
[Round "03"]
[TimeControl "180+1"]
[Date "2022.02.09"]
[WhiteClock "0:00:34"]
[BlackClock "0:00:08"]

1. d4 d5 2. Nf3 Nf6 3. Bf4 c5 4. e3 Nc6 5. Nbd2 Qb6 6. dxc5 Qxb2 7. c4 Bf5 8. Qc1 Qxc1+ 9. Rxc1 e6 10. Bd6 Be7 11. cxd5 exd5 12. Bb5 Bxd6 13. cxd6 Bd7 14. Nb3 a6 15. Bxc6 Bxc6 16. Ne5 Bb5 17. Rc7 O-O 18. d7 b6 19. Nd4 Rfd8 20. Nxb5 axb5 21. O-O d4 22. Rfc1 d3 23. Rd1 Nd5 24. Rb7 Nb4 25. h4 f6 26. Nxd3 Nxd3 27. Rxd3 Rxa2 28. Rxb6 Ra7 29. Rbd6 Kf7 30. h5 Ke7 31. Rb6 Rdxd7 32. Rxd7+ Rxd7 33. Rxb5 Rd6 34. Rb7+ Rd7 35. Rxd7+ Kxd7 36. e4 Ke6 37. f4 f5 38. e5 Kd5 39. Kf2 h6 40. Ke3 Kc5 41. Kd3 Kd5 42. Kc3 Kc5 43. Kb3 Kb5 44. Ka3 Ka5 45. e6 Kb6 46. e7 1-0


[Site "https://www.chess.com"]

[Event "Late Titled Tuesday Blitz February 8 2022"]
[White "Gurevich, Dmitry"]
[Black "Kubatko, Ivan"]
[WhiteFideId "2000407"]
[BlackFideId "24111473"]
[WhiteElo "2506"]
[BlackElo "2285"]
[Result "0-1"]
[Round "03"]
[TimeControl "180+1"]
[Date "2022.02.09"]
[WhiteClock "0:00:01"]
[BlackClock "0:00:06"]

1. d4 d5 2. c4 e6 3. Nc3 c5 4. cxd5 cxd4 5. Qxd4 Nc6 6. Qd1 exd5 7. Qxd5 Bd7 8. Nf3 Nf6 9. Qd1 Bc5 10. e3 Qe7 11. Be2 O-O-O 12. O-O g5 13. Na4 Bd6 14. Qc2 Kb8 15. Rd1 g4 16. Nd2 h5 17. Nf1 h4 18. e4 Nxe4 19. Be3 g3 20. Bf3 gxf2+ 21. Bxf2 Nxf2 22. Qxf2 Ne5 23. Rxd6 Qxd6 24. Rd1 Nxf3+ 25. Qxf3 Qc6 26. Qf4+ Ka8 27. Nc3 Be6 28. Rc1 Qb6+ 29. Qf2 Rd4 30. b3 Rhd8 31. Ne2 Rd1 32. Qxb6 axb6 33. Rc2 Ra1 34. Kf2 Rdd1 35. Nd2 Rh1 36. Nf3 h3 37. gxh3 Bxh3 38. Nf4 Rhf1+ 39. Kg3 Bf5 40. Rd2 Ka7 41. Nd5 Be4 42. Ne5 Rg1+ 43. Kf4 Bxd5 44. Rxd5 Rxa2 45. Nc4 b5 46. Nd6 Rf2+ 47. Ke3 Rff1 48. Nxb5+ Kb6 49. Nd6 Kc6 0-1


[Site "https://www.chess.com"]

[Event "Late Titled Tuesday Blitz February 8 2022"]
[White "Guz, Ari"]
[Black "Novikov, Evgenij"]
[WhiteFideId "2825759"]
[BlackFideId "4125380"]
[WhiteElo "2642"]
[BlackElo "2452"]
[Result "1-0"]
[Round "03"]
[TimeControl "180+1"]
[Date "2022.02.09"]
[WhiteClock "0:01:08"]
[BlackClock "0:00:02"]

1. b3 c5 2. Bb2 Nc6 3. Nf3 d5 4. g3 Nf6 5. Bg2 g6 6. O-O Bg7 7. d4 cxd4 8. Nxd4 O-O 9. Nxc6 bxc6 10. c4 e6 11. Nd2 Rb8 12. Be5 Rb7 13. e4 Rd7 14. exd5 exd5 15. c5 Re8 16. Nf3 Ne4 17. Bxg7 Kxg7 18. Qd4+ Qf6 19. b4 Nc3 20. Qxf6+ Kxf6 21. Nd4 Ne2+ 22. Nxe2 Rxe2 23. Rfe1 Rde7 24. Rxe2 Rxe2 25. a4 Rb2 26. b5 cxb5 27. axb5 Rxb5 28. Rc1 Ke5 29. c6 Kd6 30. c7 a5 31. Bf1 Rc5 32. Re1 Rxc7 33. Kg2 Be6 34. Bb5 Ra7 35. Ra1 Kc5 36. Ba4 d4 37. Kf3 Bc4 38. Kf4 f6 39. g4 Re7 40. f3 h6 41. h4 Bd3 42. Rd1 g5+ 43. hxg5 hxg5+ 44. Kg3 Re3 45. Kf2 Kb4 46. Bc6 a4 47. Be4 Bxe4 48. Rxd4+ Kb3 49. Kxe3 Bc2 50. Kd2 a3 51. Rd6 1-0


[Site "https://www.chess.com"]

[Event "Late Titled Tuesday Blitz February 8 2022"]
[White "Hamley, Ryan"]
[Black "Shahade, Gregory"]
[WhiteFideId "30959497"]
[BlackFideId "2009064"]
[WhiteElo "2474"]
[BlackElo "2672"]
[Result "0-1"]
[Round "03"]
[TimeControl "180+1"]
[Date "2022.02.09"]
[WhiteClock "0:00:02"]
[BlackClock "0:00:06"]

1. d4 Nf6 2. c4 g6 3. Nc3 d5 4. Nf3 Bg7 5. Qb3 dxc4 6. Qxc4 O-O 7. e4 a6 8. Be2 b5 9. Qb3 c5 10. dxc5 Be6 11. Qc2 Nbd7 12. Be3 Rc8 13. Rd1 b4 14. Na4 Qa5 15. b3 Ng4 16. Bd4 Bxd4 17. Nxd4 Nxc5 18. Nxc5 Rxc5 19. Qd2 Bc8 20. O-O Nf6 21. Bf3 Bb7 22. Rfe1 Rd8 23. Qe2 e5 24. Nc2 Rxd1 25. Qxd1 Qb6 26. Qd2 a5 27. h3 Qc7 28. Ne3 Bxe4 29. Bxe4 Nxe4 30. Qd3 Nf6 31. Nc4 e4 32. Qd4 Qe7 33. f3 Rd5 34. Qb6 Qc5+ 35. Qxc5 Rxc5 36. fxe4 a4 37. Kf2 axb3 38. axb3 h5 39. Ke3 Rg5 40. Re2 Rg3+ 41. Kd4 Rxb3 42. e5 Nd7 43. Nd6 Nf8 44. Rf2 Ne6+ 45. Kc4 Re3 46. Kxb4 Rxe5 47. Nxf7 Re4+ 48. Kc3 Rf4 49. Rxf4 Nxf4 50. Ne5 Kg7 51. g3 Nxh3 52. Kd3 Ng5 53. Ke3 Nf7 54. Nf3 Kf6 55. Kf4 g5+ 56. Ke4 Nd6+ 57. Kd5 Nf5 58. Nd2 Nxg3 59. Kd4 Kf5 60. Ke3 Kg4 61. Kf2 Kf4 62. Kg2 h4 63. Nc4 g4 64. Nb6 h3+ 65. Kh2 Nf1+ 66. Kg1 Ne3 67. Nd7 g3 68. Nf6 Kf3 69. Kh1 Ng4 70. Nxg4 0-1


[Site "https://www.chess.com"]

[Event "Late Titled Tuesday Blitz February 8 2022"]
[White "Hasangatin, Ramil"]
[Black "Tan, Jun Ying"]
[WhiteFideId "4122160"]
[BlackFideId "5710413"]
[WhiteElo "2671"]
[BlackElo "2478"]
[Result "1-0"]
[Round "03"]
[TimeControl "180+1"]
[Date "2022.02.09"]
[WhiteClock "0:02:29"]
[BlackClock "0:00:46"]

1. e4 c5 2. Nf3 Nc6 3. Bb5 d6 4. d4 cxd4 5. Qxd4 Bd7 6. Bxc6 Bxc6 7. Nc3 Nf6 8. Bg5 e6 9. O-O-O Be7 10. Rhe1 O-O 11. Qd2 Qa5 12. Kb1 Kh8 13. Nd4 Rac8 14. f3 b5 15. h4 b4 16. Nce2 Ba4 17. b3 Bb5 18. Ng3 Rc5 19. Nh5 Rxg5 20. Qxg5 Rg8 21. Nxf6 Bxf6 22. Qxb5 1-0


[Site "https://www.chess.com"]

[Event "Late Titled Tuesday Blitz February 8 2022"]
[White "Haussernot, Cecile"]
[Black "Villegas, Pierre"]
[WhiteFideId "601632"]
[BlackFideId "654183"]
[WhiteElo "2288"]
[BlackElo "2410"]
[Result "0-1"]
[Round "03"]
[TimeControl "180+1"]
[Date "2022.02.09"]
[WhiteClock "0:01:57"]
[BlackClock "0:01:03"]

1. e4 c6 2. d4 d5 3. e5 a6 4. Nd2 c5 5. dxc5 Nd7 6. e6 fxe6 7. Nb3 Nxc5 8. Nxc5 Qa5+ 9. Bd2 Qxc5 10. Bc3 e5 11. Qh5+ g6 12. Qxe5 Nf6 13. O-O-O Bf5 14. Re1 Bh6+ 15. Kb1 O-O 16. Qxe7 Qxf2 17. Bd3 Rae8 18. Qb4 Bxd3 19. cxd3 Rxe1+ 20. Bxe1 Qxg2 0-1


[Site "https://www.chess.com"]

[Event "Late Titled Tuesday Blitz February 8 2022"]
[White "Holt, Conrad"]
[Black "Debray, Christopher"]
[WhiteFideId "2034387"]
[BlackFideId "630810"]
[WhiteElo "2808"]
[BlackElo "2487"]
[Result "1-0"]
[Round "03"]
[TimeControl "180+1"]
[Date "2022.02.09"]
[WhiteClock "0:00:21"]
[BlackClock "0:00:14"]

1. d4 d5 2. c4 e6 3. Nc3 Nf6 4. cxd5 exd5 5. Bg5 Be7 6. e3 O-O 7. Bd3 c6 8. Qc2 Nbd7 9. Nf3 Re8 10. O-O Nf8 11. h3 Ng6 12. Ne5 Nh5 13. Bxe7 Qxe7 14. f4 f6 15. Nxg6 Qxe3+ 16. Rf2 hxg6 17. Bxg6 Ng3 18. Bxe8 Qxe8 19. Qd3 Ne4 20. Nxe4 dxe4 21. Qe3 f5 22. g4 Qg6 23. Rg2 Be6 24. gxf5 Qxf5 25. Kh2 Rf8 26. Rag1 Qxf4+ 27. Qxf4 Rxf4 28. Rxg7+ Kf8 29. Rxb7 e3 30. Kg3 Rxd4 31. Kf3 Rd3 32. Re1 c5 33. Rb8+ Kf7 34. Rxe3 Rd2 35. a3 Kf6 36. Kf4 Rf2+ 37. Rf3 Rxf3+ 38. Kxf3 Bxh3 39. Rb7 a6 40. Rc7 c4 41. Rxc4 Be6 42. Rc6 Ke7 43. Rxa6 Bd5+ 44. Kf4 Bf7 45. Ra7+ Ke6 46. Rxf7 Kxf7 47. Ke5 Ke7 48. b4 Kd8 49. a4 Kc8 50. b5 Kb8 51. a5 Ka8 52. Kd6 Kb7 53. Kd7 Ka7 54. Kc7 Ka8 55. a6 Ka7 56. b6+ Ka8 57. b7+ Ka7 58. b8=Q+ Kxa6 59. Qb6# 1-0


[Site "https://www.chess.com"]

[Event "Late Titled Tuesday Blitz February 8 2022"]
[White "Howell, David W L"]
[Black "Papasimakopoulos, Alexandros"]
[WhiteFideId "410608"]
[BlackFideId "4244125"]
[WhiteElo "2559"]
[BlackElo "2340"]
[Result "1-0"]
[Round "03"]
[TimeControl "180+1"]
[Date "2022.02.08"]
[WhiteClock "0:00:09"]
[BlackClock "0:00:25"]

1. d4 e6 2. e4 d5 3. Bd3 c5 4. exd5 exd5 5. Nf3 Nf6 6. O-O Nc6 7. Re1+ Be7 8. dxc5 O-O 9. Nc3 Bxc5 10. Bg5 Be6 11. Ne2 h6 12. Bh4 g5 13. Bg3 Ne4 14. c3 f5 15. b4 Bb6 16. b5 Na5 17. Nfd4 Bd7 18. f3 Nxc3 19. Qd2 Nxe2+ 20. Bxe2 Qf6 21. Bf2 Nc4 22. Bxc4 dxc4 23. a4 Rfe8 24. a5 Bc5 25. Qc3 Qf7 26. Rac1 Rxe1+ 27. Rxe1 Re8 28. Rxe8+ Bxe8 29. Qe3 Bxb5 30. Qe5 Bxd4 31. Bxd4 Kh7 32. Qxb5 Kg6 33. h3 a6 34. Qb6+ Kh7 35. Qd6 Qe8 36. Kh2 f4 37. Qc7+ Kg6 38. Qxc4 Kh5 39. Qd5 Qe7 40. Bf2 Qc7 41. Qf5 Qe7 42. h4 Qe8 43. hxg5 hxg5 44. Qh7# 1-0


[Site "https://www.chess.com"]

[Event "Late Titled Tuesday Blitz February 8 2022"]
[White "Ibarra Jerez, Jose Carlos"]
[Black "Yang, Cayden"]
[WhiteFideId "2226332"]
[BlackFideId "30967260"]
[WhiteElo "2626"]
[BlackElo "2634"]
[Result "1-0"]
[Round "03"]
[TimeControl "180+1"]
[Date "2022.02.08"]
[WhiteClock "0:00:48"]
[BlackClock "0:00:02"]

1. e4 e5 2. Nf3 Nc6 3. d4 exd4 4. Nxd4 Nf6 5. Nxc6 bxc6 6. Qe2 a5 7. Nc3 Bb4 8. Bd2 O-O 9. O-O-O Ba6 10. Qf3 Bxf1 11. Rhxf1 Qe7 12. Rfe1 d6 13. a3 Bc5 14. Bg5 h6 15. Bh4 g5 16. Bg3 Nd7 17. Qh5 Qe6 18. h4 Qg6 19. Qe2 Rfe8 20. hxg5 hxg5 21. f4 gxf4 22. Bxf4 Ne5 23. Rh1 Ng4 24. Rh4 f5 25. exf5 Rxe2 26. fxg6 Nf2 27. Nxe2 Nxd1 28. Kxd1 Re8 29. Rh7 Bf2 30. Rxc7 Be3 31. Bxe3 1-0


[Site "https://www.chess.com"]

[Event "Late Titled Tuesday Blitz February 8 2022"]
[White "Indjic, Aleksandar"]
[Black "Suarez Uriel, Adrian"]
[WhiteFideId "911925"]
[BlackFideId "22230874"]
[WhiteElo "2827"]
[BlackElo "2504"]
[Result "1-0"]
[Round "03"]
[TimeControl "180+1"]
[Date "2022.02.09"]
[WhiteClock "0:02:05"]
[BlackClock "0:01:45"]

1. d4 Nf6 2. Nf3 g6 3. Bg5 Bg7 4. Nbd2 O-O 5. c3 c5 6. Bxf6 Bxf6 7. Ne4 Bg7 8. Nxc5 b6 9. Nb3 Bb7 10. e3 a5 11. a4 d6 12. Nbd2 Nd7 13. Bb5 e5 14. dxe5 dxe5 15. Nc4 Nc5 16. Qxd8 Raxd8 17. Nxb6 Nd3+ 18. Bxd3 Rxd3 19. Rd1 Rfd8 20. Rxd3 Rxd3 21. Nc4 e4 22. Nd4 Ba6 23. Nxa5 f5 24. Nab3 Bxd4 25. exd4 e3 26. Nc5 exf2+ 27. Kxf2 Rd2+ 28. Ke3 1-0


[Site "https://www.chess.com"]

[Event "Late Titled Tuesday Blitz February 8 2022"]
[White "Jacobson, Brandon"]
[Black "Plotkin, Mark"]
[WhiteFideId "30901561"]
[BlackFideId "2611651"]
[WhiteElo "2362"]
[BlackElo "2178"]
[Result "1/2-1/2"]
[Round "03"]
[TimeControl "180+1"]
[Date "2022.02.08"]
[WhiteClock "0:00:06"]
[BlackClock "0:00:17"]

1. Nf3 Nf6 2. c4 g6 3. Nc3 d5 4. cxd5 Nxd5 5. h4 Nxc3 6. dxc3 Qxd1+ 7. Kxd1 Nc6 8. e4 Bg4 9. Kc2 O-O-O 10. Ng5 Bd1+ 11. Kb1 Ne5 12. Bf4 Nd3 13. Bxd3 Rxd3 14. Nxf7 Rg8 15. Ne5 Rd8 16. f3 Bg7 17. Kc1 Ba4 18. b3 Bb5 19. Kc2 Rgf8 20. Bg3 Bh6 21. Rad1 Be2 22. Rxd8+ Rxd8 23. f4 Bg7 24. Re1 Ba6 25. Nc4 b6 26. Bf2 h5 27. g3 Kb7 28. Re2 Bxc4 29. bxc4 Kc6 30. Rd2 Rf8 31. Bd4 Bf6 32. Bxf6 exf6 33. Rd5 Re8 34. Kd3 a5 35. Kd4 Rg8 36. e5 Rf8 37. exf6 Rxf6 38. Ke5 Rf8 39. Ke4 a4 40. Re5 Kd6 41. c5+ bxc5 42. Rg5 Rf6 43. Kd3 Re6 44. Kc4 Re4+ 45. Kb5 c6+ 46. Kb6 Rc4 47. Rxg6+ Ke7 48. Rxc6 Rxc3 49. Rxc5 Rxg3 50. Rxh5 Ra3 51. Rg5 Rxa2 52. Kb5 Kf6 53. h5 Rf2 54. Rg4 Kf5 55. Rh4 a3 56. Rh1 a2 57. Ra1 Kxf4 58. h6 Rh2 59. h7 Rh5+ 60. Kc4 Rxh7 61. Rxa2 Rc7+ 62. Kd4 1/2-1/2


[Site "https://www.chess.com"]

[Event "Late Titled Tuesday Blitz February 8 2022"]
[White "Jaferian, Koosha"]
[Black "Hoffmann, Asa"]
[WhiteFideId "12507440"]
[BlackFideId "2001470"]
[WhiteElo "2027"]
[BlackElo "2117"]
[Result "1-0"]
[Round "03"]
[TimeControl "180+1"]
[Date "2022.02.09"]
[WhiteClock "0:00:14"]
[BlackClock "0:00:28"]

1. Nf3 d6 2. d4 Bg4 3. b3 Nd7 4. Bb2 Ngf6 5. e3 e6 6. Be2 c6 7. O-O Be7 8. Nbd2 O-O 9. c4 c5 10. h3 Bh5 11. Rc1 a6 12. Re1 Qc7 13. Nf1 Rfe8 14. Ng3 Bg6 15. Bd3 Bf8 16. Bxg6 hxg6 17. Qd3 e5 18. dxe5 dxe5 19. e4 Rad8 20. Qc2 Bd6 21. Nf1 Nf8 22. Ne3 Ne6 23. Nd5 Nxd5 24. exd5 Nd4 25. Qd1 Re7 26. Ng5 Rde8 27. Qg4 f6 28. Nf3 Nxf3+ 29. Qxf3 Kf7 30. Re2 e4 31. Qg4 f5 32. Qh4 Be5 33. Bxe5 Qxe5 34. Rce1 Qd4 35. Qf4 Qe5 36. Qe3 Qd4 37. Qf4 Qe5 38. Qd2 Qd4 39. Qc1 Kf6 40. h4 b5 41. Qg5+ Kf7 42. Rd2 Qf6 43. Qf4 Qe5 44. Qxe5 Rxe5 45. g3 bxc4 46. bxc4 Rb8 47. Re3 Ke7 48. Ra3 Rb6 49. Ra5 Kd6 50. Re2 Re8 51. Re3 Ra8 52. Rea3 Ke5 53. Kg2 Kd4 54. R5a4 Rb4 55. Rxa6 Rxa6 56. Rxa6 Rxc4 57. d6 Ke5 58. d7 Rd4 59. Rc6 Rxd7 60. Rxc5+ Kd4 61. Rc6 Ra7 62. Rxg6 Rxa2 63. Rxg7 e3 64. Rd7+ Kc5 65. Kf3 exf2 66. Kg2 f4 67. gxf4 Kc6 68. Rd3 Kc5 69. Rf3 Kd4 70. Rxf2 Ra3 71. Rf3 Ra2+ 72. Kg3 Ke4 73. f5 Ra8 74. f6 Rg8+ 75. Kf2 Rh8 76. f7 Rf8 77. h5 Ke5 78. h6 Ke6 79. h7 Ke7 80. Ke3 Ra8 81. f8=Q+ Rxf8 82. Rxf8 Kxf8 83. h8=Q+ 1-0


[Site "https://www.chess.com"]